 Seeded DCSS version 0.29-a0-472-ge5599a681e (webtiles) character file.

Game seed: 6774861435536819975 (custom seed)

578 bwicke the Firebug (level 7, -3/43 HPs)
             Began as an Octopode Wanderer on May 22, 2022.
             Was a Priest of Ignis.
             Slain by Pikel
             ... wielding a +0 whip of freezing
              (9 damage)
             ... on level 4 of the Dungeon.
             The game lasted 00:12:31 (3643 turns).

bwicke the Firebug (Octopode Wanderer)              Turns: 3643, Time: 00:12:32

Health: -3/43      AC:  8    Str: 14    XL:     7   Next: 35%
Magic:  12/12      EV: 12    Int: 13    God:    Ignis [***...]
Gold:   156        SH:  0    Dex: 12    Spells: 10/12 levels left

rFire   + . .      SeeInvis .   b - +2 short sword (venom)
rCold   + . .      Faith    .   (no shield)
rNeg    . . .      Spirit   .   (helmet restricted)
rPois   .          Reflect  .   (no amulet)
rElec   .          Harm     .   m - ring of protection from fire
rCorr   .          Rampage  .   h - ring of ice
Will    .....                   (no ring)
Stlth   +++.......              (no ring)
HPRegen 0.14/turn               (no ring)
MPRegen 0.13/turn               (no ring)
                                (no ring)
                                (no ring)

@: fiery-armoured, flying
A: almost no armour, amphibious, 8 rings, camouflage 1, gelatinous body 1,
(nimble swimmer 1), tentacles
a: Renounce Religion, Fiery Armour, Foxfire Swarm, Rising Flame


You were on level 4 of the Dungeon.
You worshipped Ignis.
Ignis was most pleased with you.
You visited 1 branch of the dungeon, and saw 4 of its levels.
You also visited: Sewer.

You collected 156 gold pieces.

Inventory:

Hand Weapons
 a - a +2 hand crossbow
 b - a +2 short sword of venom (weapon)
 g - a +0 dagger
 q - a +0 hunting sling
Missiles
 e - 14 poisoned darts
 f - 4 atropa-tipped darts
 j - 2 throwing nets
Jewellery
 h - a ring of ice (right tentacle)
 m - a ring of protection from fire (left tentacle)
Wands
 c - a wand of flame (4) (quivered)
 p - a wand of digging (1)
 x - a wand of mindburst (7)
Scrolls
 d - 2 scrolls of fear
 k - 2 scrolls of teleportation
 n - a scroll of blinking {unknown}
 s - a scroll of torment
 w - a scroll of summoning {unknown}
 y - a scroll of poison {unknown}
Potions
 i - a potion of heal wounds {unknown}
 l - a potion of haste {unknown}
 o - a potion of curing {unknown}
 r - a potion of cancellation {unknown}
 t - a potion of lignification {unknown}
 u - a potion of flight
 v - 2 potions of degeneration {degeneration, unknown}
Miscellaneous
 z - a piece from Xom's chessboard (15/15)


   Skills:
 - Level 1.1 Fighting
 - Level 2.1 Slings
 - Level 3.3 Crossbows
 - Level 1.6 Stealth
 + Level 3.3 Spellcasting
 - Level 6.0 Fire Magic
 - Level 3.3 Evocations


You had 10 spell levels left.
You knew the following spells:

 Your Spells              Type           Power      Damage    Failure   Level
a - Scorch                Fire           34%        2d7       2%          2

Your spell library contained the following spells:

 Spells                   Type           Power      Damage    Failure   Level
 Sublimation of Blood     Necr           2%         N/A       32%         2
 Flame Wave               Conj/Fire      10%        2d5       54%         4
 Petrify                  Tmut/Erth      2%         N/A       91%         4
 Irradiate                Conj/Tmut      1%         3d13      99%         5
 Summon Cactus Giant      Summ           1%         N/A       100%        6


Dungeon Overview and Level Annotations

Branches:
Dungeon (4/15)              Sewer (visited)
 Temple: D:4-7

Altars:
Okawaru
Ignis

Shops:
D:3 (

Annotations:
D:4 Pikel


Innate Abilities, Weirdness & Mutations

You cannot wear most types of armour.
You are amphibious.
You can wear up to eight rings at the same time.
Your skin changes colour to match your surroundings (Stealth+).
Your rubbery body absorbs attacks. (AC +1, EV +1)
((You are camouflaged when in or above water. (Stealth+)))
You have tentacles for arms and can constrict up to eight enemies at once.


Message History

You barely miss Pikel.
The lemure shouts!
You grab Pikel. You squeeze Pikel.
Pikel is lightly wounded.
You constrict Pikel.
Pikel hits you with a +0 whip of freezing!
You hit Pikel.
Pikel is poisoned.
Pikel is moderately wounded.
You constrict Pikel, but do no damage.
Pikel hits you with a +0 whip of freezing.
Pikel freezes you. The lemure hits you but does no damage.
The lemure is burned by your cloak of flames.
The lemure is lightly wounded.
You hit Pikel.
Pikel looks as sick as possible!
Pikel is heavily wounded.
You constrict Pikel. The lemure hits you.
* * * LOW HITPOINT WARNING * * *
The lemure is burned by your cloak of flames.
The lemure is heavily wounded.
Pikel barely misses you.
A scorpion comes into view.
You hit Pikel.
Pikel looks as sick as possible!
You squeeze Pikel, but do no damage.
Pikel is heavily wounded.
You constrict Pikel. Pikel barely misses you. The lemure misses you. x2
You hit Pikel but do no damage.
Pikel looks as sick as possible!
Pikel is severely wounded.
You constrict Pikel. The lemure closely misses you.
Pikel hits you with a +0 whip of freezing.
* * * LOW HITPOINT WARNING * * *
Pikel is burned by your cloak of flames.
Pikel is almost dead.
The lemure hits you but does no damage.
The lemure is burned by your cloak of flames.
The lemure is lightly wounded.
It was a potion of flight.
You feel very buoyant.
You fly up into the air.
You constrict Pikel.
Pikel hits you with a +0 whip of freezing!
You die...

#. #..≈≈≈≈≈≈###..#
#.###≈≈≈...≈≈###.#
...##≈≈≈≈≈≈..#..#
#)#########..#.##
#.#≈≈≈≈≈≈≈≈≈.#.#
#.≈≈≈≈≈≈≈≈≈.##.#
#..≈#########..#
#.####......#.##
#..##...@...#.# ######
#.#....5K5>...####....#
#..#....5..........##.#
##..#.s........#######.#
...............# ###.###
####(###........##
#...... #.# ##........#
#....... ..#
##.##.#..........## ...#
#.##.#..).........


You could see Pikel (extremely poisoned), 3 lemures and a scorpion.

Vanquished Creatures
  Sigmund (D:2)
  A lemure (D:4)
  2 bullfrogs (Sewer)
  An orc priest (D:4)
  Natasha (D:2)
  An iguana (D:4)
  2 orc wizards
  A gnoll (D:3)
  4 adders (Sewer)
  A worm (D:3)
  3 dart slugs
  9 orcs
  7 bats
  3 endoplasms (D:1)
  16 giant cockroaches
  2 hobgoblins
  9 quokkas
  10 ball pythons
  11 frilled lizards
  9 goblins
  6 kobolds
  4 rats
104 creatures vanquished.

Vanquished Creatures (others)
  23 foxfires
23 creatures vanquished.

Grand Total: 127 creatures vanquished

Notes
Turn   | Place    | Note
-------+----------+-------------------------------------------
     0 | D:1      | bwicke the Octopode Wanderer began the quest for the Orb.
     0 | D:1      | bwicke set off with the following items: a +2 hand
                  | crossbow, a +0 hunting sling, a wand of flame (4), a scroll
                  | of fear
     0 | D:1      | Reached XP level 1. HP: 13/13 MP: 1/1
   302 | D:1      | Found a faded altar of an unknown god.
   310 | D:1      | Prayed at the altar of an unknown god.
   310 | D:1      | Became a worshipper of Ignis, the Dying Flame
   432 | D:1      | Reached XP level 2. HP: 18/18 MP: 2/2
   659 | D:1      | Reached skill level 1 in Fire Magic
  1153 | D:1      | Reached XP level 3. HP: 23/23 MP: 3/3
  1321 | D:2      | Noticed Natasha
  1330 | D:2      | Killed Natasha
  1331 | D:2      | Reached skill level 2 in Fire Magic
  1673 | D:2      | Reached XP level 4. HP: 28/28 MP: 4/4
  1901 | D:2      | Reached skill level 3 in Fire Magic
  2016 | D:2      | Noticed Sigmund
  2020 | D:2      | Killed Sigmund
  2021 | D:2      | Reached skill level 5 in Fire Magic
  2021 | D:2      | Reached XP level 5. HP: 33/33 MP: 5/5
  2021 | D:2      | Reached XP level 6. HP: 38/38 MP: 6/6
  2529 | D:3      | Found Synli's Weapon Boutique.
  2785 | D:3      | Found an iron altar of Okawaru.
  2999 | D:4      | Reached skill level 6 in Fire Magic
  3028 | D:4      | Learned a level 2 spell: Scorch
  3153 | D:4      | Reached skill level 1 in Spellcasting
  3178 | D:4      | Found a glowing drain.
  3191 | Sewer    | Entered a sewer
  3325 | Sewer    | Reached XP level 7. HP: 32/43 MP: 9/9
  3615 | D:4      | Noticed Pikel
  3643 | D:4      | Slain by Pikel

Illustrated notes

Levels and vault maps discovered:
D:1:      nzn_arrival_water_spiral, layout_basic, basic_ecumenical_altar
D:2:      layout_loops_corners, uniq_natasha, uniq_sigmund
D:3:      layout_basic, okawaru_altar_gauntlet_db, serial_shops, shop_statue
D:4:      layout_loops_ring, xom_butterflies, gup_sewer_entry_pipe,
          nicolae_elevator_lobby_asterisk, uniq_pikel

Skill      XL: |  1  2  3  4  5  6  7 |
---------------+----------------------+-----
Fire Magic     | 1 2 5 6 |  6.0
Spellcasting   | 1 3 |  3.3
Fighting       | |  1.1
Slings         | |  2.1
Crossbows      | |  3.3
Stealth        | |  1.6
Evocations     | |  3.3

Action                   |  1- 3 |  4- 6 |  7- 9 || total
-------------------------+-------+-------+-------++-------
Melee: Dagger            |     2 |     3 |       ||     5
       Constrict         |     1 |    15 |     3 ||    19
       Tentacles         |     1 |    10 |     4 ||    15
       Short sword       |       |    70 |    16 ||    86
       Punch             |       |     2 |       ||     2
 Fire: Hand crossbow     |    97 |    85 |    11 ||   193
Invok: Foxfire Swarm     |       |     1 |     1 ||     2
       Fiery Armour      |       |       |     2 ||     2
  Use: Scroll            |       |     2 |       ||     2
       Potion            |       |       |     1 ||     1
 Stab: Sleeping          |       |     4 |     1 ||     5
Armor: Skin              |     8 |     4 |     7 ||    19
Dodge: Dodged            |    38 |    65 |    15 ||   118

Table legend: (Time is in decaauts)
 A = Elapsed time spent in this place.
 B = Non-inter-level travel time spent in this place.
 C = Inter-level travel time spent in this place.
 D = Time resting spent in this place.
 E = Time spent auto-exploring this place.
 F = Levels seen in this place.
 G = Mean time per level.
                   A        B        C        D        E       F      G
               +--------+--------+--------+--------+--------+-----+--------+
         Total |   3713 |   3655 |     58 |    148 |   2469 |   5 |  742.6 |
       Dungeon |   3313 |   3255 |     58 |      0 |   2469 |   4 |  828.2 |
         Sewer |    399 |    399 |      0 |    148 |      0 |   1 |  399.0 |
               +--------+--------+--------+--------+--------+-----+--------+

Top non-repeatable levels by time:
     D:1: 1343 daAuts
     D:2: 898 daAuts
     D:3: 670 daAuts
     D:4: 402 daAuts
   Sewer: 399 daAuts
